 Dungeon Crawl Stone Soup version 0.15-a0-90-g85a0ca6 (webtiles) character file.

330 Grangar the Covered (level 5, 0/46 HPs)
             Began as a Minotaur Fighter on Apr 8, 2014.
             Slain by a gnoll
             ... wielding a +2,+2 short sword
              (3 damage)
             ... on Level 2 of the Dungeon.
             The game lasted 00:04:19 (2866 turns).

Grangar the Covered (Minotaur Fighter)              Turns: 2866, Time: 00:04:19

HP   0/46        AC  7     Str 20      XL: 5   Next: 41%
MP   2/2         EV  9     Int  5      God:
Gold 139         SH  0     Dex 11      Spells:  0 memorised,  4 levels left

rFire  . . .     SeeInvis .     r - +3,+1 flail (drain)
rCold  . . .     Clarity  .     b - +0 scale mail
rNeg   . . .     Conserve .     (no shield)
rPois  .         rCorr    .     (helmet restricted)
rElec  .         rRot     .     (no cloak)
SustAb . .       Spirit   .     (no gloves)
rMut   .         Warding  .     (no boots)
Saprov . . .     Stasis   .     (no amulet)
MR     .....                    (no ring)
                                (no ring)

@: drained, not resistant to hostile enchantments, extremely unstealthy
A: retaliatory headbutt, horns 2
a: no special abilities


You were on level 2 of the Dungeon.
You were not hungry.

You visited 1 branch of the dungeon, and saw 4 of its levels.

You collected 139 gold pieces.

Inventory:

Hand weapons
 r - a +3,+1 flail of draining (weapon)
Armour
 b - a +0 scale mail (worn)
 c - a +0 shield
Magical devices
 o - a wand of invisibility (6) {unknown}
 q - a wand of magic darts (17)
Comestibles
 i - a choko
 t - a meat ration
Scrolls
 g - 4 scrolls of remove curse {unknown}
 h - 2 scrolls of identify {unknown}
 j - a scroll of fear {unknown}
 k - a scroll of random uselessness {unknown}
 n - a scroll of fog {unknown}
 p - a scroll of blinking {unknown}
Potions
 a - a potion of restore abilities {unknown}
 d - a potion of mutation {unknown}
 e - a potion of might
 f - 3 potions of curing {unknown}
 l - 3 potions of heal wounds {unknown}
Rods
 s - a +0 rod of destruction (12/12)
   (You found it on level 3 of the Dungeon)


   Skills:
 + Level 4.2(3.8) Fighting
 * Level 3.9(3.5) Maces & Flails
 * Level 5.7(5.3) Armour
 * Level 2.2(1.8) Dodging
   Level 3.6(3.2) Shields


You had 4 spell levels left.
You didn't know any spells.

Dungeon Overview and Level Annotations

Branches:
Dungeon (4/15)
 Temple: D:4-7

Altars:
Yredelemnul

Annotations:
D:3 Grangar's ghost, average MiFi


Innate Abilities, Weirdness & Mutations

You reflexively headbutt those who attack you in melee.
You have a pair of horns on your head.


Message History

You closely miss the gnoll. Your headbutt misses the gnoll.
The gnoll hits you from afar with a halberd!
The gnoll barely misses you.
The hobgoblin throws a dart of frost.
The dart of frost hits you!
You barely miss the gnoll. The gnoll hits you but does no damage.
The gnoll misses you.
The hobgoblin throws a dart of frost.
The dart of frost misses you. The gnoll completely misses you.
The gnoll hits you but does no damage.
You barely miss the gnoll. Your headbutt misses the gnoll.
The gnoll hits you from afar with a halberd.
The gnoll hits you with a short sword! The gnoll hits you but does no damage.
You sock the gnoll! You drain the gnoll!
The gnoll is almost dead.
The gnoll barely misses you.
The gnoll hits you from afar with a halberd!
* * * LOW HITPOINT WARNING * * *
The gnoll hits you with a dagger.
* * * LOW HITPOINT WARNING * * *
The gnoll hits you with a short sword.
You die...

.#.####.# #.##.######.......%
.#......# #.##.# #.#######
.#.####.# #.##.# #.#
.#.####.#######g##.######.#
..........................#
##<..........##.##.########
##.###.............#
.......#####.###.################
...............(@g...............
############.####g...###..)..####
#.......#.# #g...# #.....#
#.#####.#.# #....# #.....# #.#
#.#.# #....# #.....#
####.#####.#.####....# #######
.....................# ##
####%#...............###########.
.........)...((..)...'.........#.


You could see 3 gnolls and a hobgoblin.

Vanquished Creatures
  Natasha (thrice) (D:3)
  Jessica (D:3)
  Terence (D:3)
  3 adders
  A gnoll (D:2)
  A worm (D:2)
  2 oozes (D:1)
  2 ball pythons (D:3)
  10 goblins
  7 hobgoblins
  4 jackals (D:2)
  13 kobolds
  A quokka (D:3)
  18 bats
  2 giant cockroaches
  3 giant geckos
  A giant newt (D:1)
  14 rats
87 creatures vanquished.

Notes
Turn   | Place    | Note
--------------------------------------------------------------
     0 | D:1      | Grangar, the Minotaur Fighter, began the quest for the Orb.
     0 | D:1      | Reached XP level 1. HP: 19/19 MP: 1/1
    27 | D:1      | Reached skill level 4 in Armour
    37 | D:1      | Reached XP level 2. HP: 21/27 MP: 1/1
   207 | D:1      | Reached XP level 3. HP: 19/33 MP: 2/2
   809 | D:2      | Reached skill level 1 in Dodging
  1189 | D:2      | Reached XP level 4. HP: 37/40 MP: 2/2
  1633 | D:3      | Noticed Natasha
  1641 | D:3      | Killed Natasha
  1643 | D:3      | Reached skill level 5 in Armour
  1862 | D:3      | Noticed Grangar's ghost (average MiFi)
  2155 | D:3      | Noticed Natasha
  2159 | D:3      | Killed Natasha
  2259 | D:3      | Reached XP level 5. HP: 46/46 MP: 2/2
  2343 | D:3      | Noticed Jessica
  2347 | D:3      | Killed Jessica
  2354 | D:3      | Noticed Terence
  2366 | D:3      | Killed Terence
  2406 | D:3      | Noticed Natasha
  2410 | D:3      | Killed Natasha
  2441 | D:3      | Found a basalt altar of Yredelemnul.
  2612 | D:4      | Noticed a centaur
  2866 | D:2      | Slain by a gnoll

Action                   |  1- 3 |  4- 6 || total
-------------------------+-------+-------++-------
Melee: Flail             |   103 |    71 ||   174
